cohdb
Replays
Latest Replays
All Replays
Popular Replays
Top Player Replays
Match Explorer
How It Works
Community
CoH3 Stats
Reddit
Sign in to upload your games and track your stats! →
Sign in with Steam
Match 41565097
Unlisted
Match 41565097
Overview
Messages
Build Orders
End
Construct Weapon Support Center
Engineer Squad
M1919 Machine Gun Team
Engineer Squad
Bazooka Squad
Infantry Support Center
Engineer Squad
Selects Heavy Weapons
Selects Heavy Weapons
Selects M2HB .50cal Heavy Machine Gun
Construct Medical Station
Selects Assault Carriers
M3 Armored Personnel Carrier
M3 Assault Carrier
Rechter Winkel
Fredwick
Lord Curzon
Tharrats
Bosman
yapster
Flobby
Mr.Faraam
0
0
Comments
sign in to comment!
No comments posted yet!